 Dungeon Crawl Stone Soup version 0.31.0-4-g52a2dc7128 (webtiles) character file.

Game seed: 9326586201289458532

4380 stipulation the Grappler (level 10, 0/77 HPs)
             Began as a Ghoul Monk on Jan 21, 2024.
             Was a Believer of Wu Jian.
             Killed from afar by an electric eel (7 damage)
             ... with a bolt of electricity
             ... on level 7 of the Dungeon.
             The game lasted 00:04:50 (6644 turns).

stipulation the Grappler (Ghoul Monk)               Turns: 6644, Time: 00:04:51

Health: 0/77       AC: 12    Str: 20    XL:     10   Next: 35%
Magic:  10/10      EV:  9    Int:  9    God:    Wu Jian [**....]
Gold:   360        SH:  0    Dex: 11    Spells: 9/9 levels left

rFire   . .          .
                       - Unarmed
rCold   + . .        c - orb {light}
rNeg    + + +        q - +0 chain mail
rPois   ∞            v - +0 helmet
rElec   .            u - +0 cloak
rCorr   .            (no gloves)
SInv    .            (no boots)
Will    .....        (no amulet) Stlth
                     (no ring)
HPRegen 0.00/turn    (no ring)
MPRegen 0.12/turn

%: no passive effects
@: inhibited regen, glowing
A: claws 1, cold resistance 1, negative energy resistance 3, inhibited
regeneration, torment resistance 2, devour on kill
a: Renounce Religion, Wall Jump


You were on level 7 of the Dungeon.
You worshipped Wu Jian.
Wu Jian was pleased with you.
You visited 1 branch of the dungeon, and saw 7 of its levels.

You collected 360 gold pieces.

Inventory:

Missiles
 t - 2 throwing nets
Armour
 c - an orb of light (worn)
 n - a +0 kite shield
 q - a +0 chain mail (worn)
 u - a +0 cloak (worn)
 v - a +0 helmet (worn)
Jewellery
 w - a ring of flight
Wands
 r - a wand of paralysis (13) (quivered)
Scrolls
 d - 6 scrolls of teleportation
 e - a scroll of fog {unknown}
 g - a scroll of blinking {unknown}
 i - 3 scrolls of revelation {unknown}
 l - a scroll of amnesia {unknown}
 m - a scroll of vulnerability {unknown}
 o - 2 scrolls of immolation {unknown}
 p - a scroll of enchant armour {unknown}
 s - a scroll of brand weapon {unknown}
 x - a scroll of noise {unknown}
 y - a scroll of identify
Potions
 a - 2 potions of degeneration
 b - 2 potions of ambrosia
 f - a potion of attraction {unknown}
 h - a potion of lignification {unknown}
 j - 5 potions of curing
 k - 2 potions of might
 z - a potion of haste {unknown}
 A - a potion of berserk rage {unknown}


   Skills:
 - Level 3.2 Fighting
 + Level 6.4 Armour
 - Level 2.6 Dodging
 + Level 14.3 Unarmed Combat


You had 9 spell levels left.
You didn't know any spells.
Your spell library contained the following spells:

 Spells                   Type           Power      Damage    Failure   Level
 Apportation              Tloc           0%         N/A       95%         1
 Necrotise                Necr           0%         1d4       95%         1
 Slow                     Hex            0%         N/A       95%         1
 Sting                    Conj/Alch      0%         1d3       95%         1
 Summon Small Mammal      Summ           0%         N/A       95%         1
 Confusing Touch          Hex            0%         N/A       100%        3
 Fugue of the Fallen      Necr           0%         N/A       100%        3
 Ozocubu's Armour         Ice            0%         N/A       100%        3
 Sigil of Binding         Hex            0%         N/A       100%        3
 Vampiric Draining        Necr           0%         2d6       100%        3
 Manifold Assault         Tloc           0%         N/A       100%        4


Dungeon Overview and Level Annotations

Branches:
Dungeon (7/15)             Temple (0/1) D:6

Altars:
Fedhas
Gozag
Makhleb
Nemelex Xobeh
Wu Jian


Innate Abilities, Weirdness & Mutations

You are immune to poison.
You have sharp fingernails.
Your flesh is cold resistant. (rC+)
You are immune to negative energy. (rN+++)
You do not regenerate when monsters are visible.
You are immune to unholy pain and torment.
You thrive by killing the living.


Message History

You spin and attack the wight repeatedly.
You scratch the wight.
The wight is heavily damaged.
You scratch the wight.
The wight is severely damaged.
The wight hits you with a +5 scimitar!
You see here a +0 hand axe.
You spin and attack the wight repeatedly.
You scratch the wight.
The wight is almost destroyed.
You mangle the wight!!
You destroy the wight!
The Council accepts your kill. The orc hits you but does no damage.
You are too injured to fight recklessly!
You are too injured to fight recklessly!
You are too injured to fight recklessly!
You are too injured to fight recklessly!
You are too injured to fight recklessly!
You are too injured to fight recklessly!
You mangle the orc!!
You kill the orc!
The Council accepts your kill.
Things that are here:
a +0 whip; an orc corpse You open the door.
An electric eel comes into view.
The electric eel shoots out a bolt of lightning at you!
The bolt of electricity hits you!
* * * LOW HITPOINT WARNING * * *
A dart slug comes into view.
The electric eel shoots out a bolt of lightning at you!
The bolt of electricity hits you!
* * * LOW HITPOINT WARNING * * *
There is an open door here.
There are monsters nearby!
There are monsters nearby!
The electric eel shoots out a bolt of lightning at you!
The bolt of electricity hits you!
You die...

....##..# #..........#
....##..# #..........#
....##..####..........#
#P#.+......'.)))..>...#
._####.#####..))).....#
...# #.# #.....)....#
P..# #.# #..........#
..#P##.# #..........#
### ##.# #....@.....#
...# #.# #.####'#.....#
...# #.# #.# #≈.≈~##...
.....#.# ## #≈~~≈# ##.
....## ≈≈~~≈≈~ ....#
≈≈.[.S~≈≈ ....#
≈≈#.?~.~≈≈≈. .##.#
≈≈≈~#$~~~≈≈w~
≈≈≈≈≈~.#~≈≈~~~


You could see an electric eel and a dart slug.

Vanquished Creatures
  Pikel (D:6)
  The ghost of Urdicil the Reanimator, a novice DENe (D:6)
  An unseen horror zombie (D:6)
  Jeremiah (D:6)
  A troll (D:6)
  Grinder (D:3)
  A steam dragon (D:5)
  Duvessa (D:6)
  A sky beast (D:6)
  2 black bears
  3 ogres
  A kobold brigand (D:6)
  A phantom (D:5)
  3 scorpions
  A bullfrog (D:7)
  A wyvern zombie (D:6)
  5 wights (D:7)
  Dowan (D:6)
  A spectral centaur (D:6)
  5 bombardier beetles
  A jelly (D:4)
  2 hounds
  A gnoll bouda (D:5)
  3 orc priests
  Crazy Yiuf (D:4)
  Ijyb (D:2)
  3 iguanas
  Natasha (thrice) (D:4)
  5 orc wizards
  2 spectral howler monkeys (D:6)
  Robin (D:3)
  15 gnolls
  8 adders
  2 white imps
  2 ufetubi (D:6)
  3 dart slugs
  2 ribbon worms
  19 orcs
  4 ball pythons
  6 endoplasms
  5 giant cockroaches
  18 goblins
  13 hobgoblins
  4 jackals (D:1)
  3 quokkas
  7 bats
  5 frilled lizards
  6 kobolds
  4 rats
182 creatures vanquished.

Notes
Turn   | Place    | Note
-------+----------+-------------------------------------------
     0 | D:1      | stipulation the Ghoul Monk began the quest for the Orb.
     0 | D:1      | Reached XP level 1. HP: 19/19 MP: 1/1
    24 | D:1      | Reached XP level 2. HP: 7/26 MP: 2/2
    31 | D:1      | Reached skill level 4 in Unarmed Combat
   228 | D:1      | Reached XP level 3. HP: 19/31 MP: 3/3
   397 | D:1      | Found a faded altar of an unknown god.
   770 | D:2      | Reached skill level 5 in Unarmed Combat
   825 | D:2      | Reached XP level 4. HP: 38/38 MP: 4/4
   902 | D:2      | Found an opulent altar of Gozag.
  1381 | D:3      | Noticed Ijyb
  1382 | D:3      | Paralysed by Ijyb for 4 turns
  1383 | D:3      | Noticed Robin
  1396 | D:3      | Paralysed by Ijyb for 3 turns
  1411 | D:2      | Paralysed by Ijyb for 4 turns
  1428 | D:2      | Killed Ijyb
  1429 | D:2      | Reached skill level 6 in Unarmed Combat
  1429 | D:2      | Reached XP level 5. HP: 28/45 MP: 5/5
  1707 | D:3      | Killed Robin
  1795 | D:3      | Noticed Grinder
  1818 | D:3      | Paralysed by Grinder for 3 turns
  1821 | D:3      | Killed Grinder
  1822 | D:3      | Reached skill level 8 in Unarmed Combat
  1822 | D:3      | Reached XP level 6. HP: 28/51 MP: 6/6
  2252 | D:4      | Noticed Natasha
  2257 | D:4      | Killed Natasha
  2271 | D:4      | Reached XP level 7. HP: 46/57 MP: 7/7
  2494 | D:4      | Noticed Natasha
  2495 | D:4      | Reached skill level 9 in Unarmed Combat
  2511 | D:4      | Killed Natasha
  2573 | D:4      | Noticed Natasha
  2580 | D:4      | Killed Natasha
  2876 | D:4      | Found a runed translucent door.
  2877 | D:4      | Noticed Crazy Yiuf
  3223 | D:4      | Killed Crazy Yiuf
  3810 | D:5      | Entered Level 5 of the Dungeon
  3882 | D:5      | Reached skill level 10 in Unarmed Combat
  3882 | D:5      | Reached XP level 8. HP: 63/63 MP: 8/8
  4087 | D:5      | Reached skill level 11 in Unarmed Combat
  4614 | D:5      | Found an ornate altar of the Wu Jian Council.
  4674 | D:5      | Reached skill level 12 in Unarmed Combat
  5106 | D:6      | Reached skill level 1 in Armour
  5110 | D:6      | Noticed Pikel
  5113 | D:6      | Noticed a troll
  5117 | D:6      | Killed Pikel
  5118 | D:6      | Reached XP level 9. HP: 51/70 MP: 9/9
  5141 | D:6      | Killed a troll
  5142 | D:6      | Reached skill level 13 in Unarmed Combat
  5304 | D:6      | Noticed Duvessa
  5304 | D:6      | Noticed Dowan
  5311 | D:6      | Killed Duvessa
  5328 | D:6      | Killed Dowan
  5539 | D:5      | Noticed a spectral centipede
  5540 | D:5      | Became a worshipper of the Wu Jian Council
  5540 | D:5      | Reached * piety under Wu Jian
  5540 | D:5      | Reached ** piety under Wu Jian
  5568 | D:6      | Noticed Jeremiah
  5576 | D:6      | Killed Jeremiah
  5823 | D:6      | Found a staircase to the Ecumenical Temple.
  5840 | D:6      | Reached skill level 5 in Armour
  5918 | D:6      | Found a runed translucent gate.
  5918 | D:6      | Found a runed translucent gate.
  5919 | D:6      | Found a runed translucent gate.
  5922 | D:6      | Noticed Urdicil's ghost (novice DENe)
  5994 | D:6      | Reached XP level 10. HP: 66/77 MP: 10/10
  6259 | D:6      | Killed Urdicil's ghost
  6260 | D:6      | Reached skill level 14 in Unarmed Combat
  6521 | D:7      | Found a blossoming altar of Fedhas.
  6521 | D:7      | Found a burning altar of Makhleb.
  6522 | D:7      | Found a sparkling altar of Nemelex Xobeh.
  6644 | D:7      | Killed from afar by an electric eel

Illustrated notes

Levels and vault maps discovered:
D:1:      mushboom_english_gardens, layout_rooms,
          hellmonk_ecumenical_altar_crossroads, moated_statue,
          minmay_hexomino_r4
D:2:      layout_rooms, basic_altar, roderic_serpentine_path,
          grunt_ministairs_10
D:3:      layout_loops_ring, nicolae_kite_square_tiling_tiny, uniq_robin,
          uniq_ijyb, uniq_grinder
D:4:      layout_cave_pools, hangedman_decor_opposing, grunt_ministairs_9,
          uniq_natasha, uniq_crazy_yiuf_cottage
D:5:      layout_loops_corners, pdpol_wu_jian_five_deadly_venoms
D:6:      layout_basic, minmay_temple_entry_stoned_glass,
          gammafunk_ghost_necromancy, uniq_pikel, uniq_duvessa, uniq_jeremiah
D:7:      kennysheep_slugbush, layout_basic,
          gammafunk_temple_overflow_forgotten, grunt_gozag_breadcrumbs,
          lemuel_crystal_altar, enter_bailey_4

Skill      XL: |  1  2  3  4  5  6  7  8  9 10 |
---------------+-------------------------------+-----
Unarmed Combat | 4 5 6 8 10 12 13 14 | 14.3
Armour         | 3 5 6 |  6.4
Fighting       | |  3.2
Dodging        | |  2.6

Action                     |  1- 3 |  4- 6 |  7- 9 | 10-12 || total
---------------------------+-------+-------+-------+-------++-------
  Melee: Unarmed           |    91 |   114 |   240 |    70 ||   515
Ability: Lunge             |       |       |     5 |     1 ||     6
         Whirlwind         |       |       |     1 |    15 ||    16
         Wall Jump         |       |       |       |     2 ||     2
    Use: Scroll            |       |       |     4 |       ||     4
 Armour: Robe              |    20 |       |       |       ||    20
         Ring mail         |    59 |       |       |       ||    59
         Chain mail        |       |   108 |   206 |    57 ||   371
  Dodge: Dodged            |    52 |    35 |    73 |    16 ||   176
